 Dungeon Crawl Stone Soup version 0.27.1 (webtiles) character file.

Game seed: 10742309747318655024

226 Destapler the Skirmisher (level 6, -6/53 HPs)
             Began as a Hill Orc Abyssal Knight on Aug 27, 2021.
             Was a Follower of Lugonu.
             Mangled by an ogre (17 damage)
             ... on level 3 of the Dungeon.
             The game lasted 00:03:47 (2686 turns).

Destapler the Skirmisher (Hill Orc Abyssal Knight)  Turns: 2686, Time: 00:03:47

Health: -6/53      AC:  3    Str: 17    XL:     6   Next: 1%
Magic:  9/9        EV: 11    Int: 12    God:    Lugonu [*.....]
Gold:   150        SH:  0    Dex: 10    Spells: 5/5 levels left

rFire    . . .     SeeInvis .   a - +1 hand axe
rCold    . . .     Faith    .   (no shield)
rNeg     . . .     Spirit   .   b - +0 leather armour
rPois    .         Reflect  .   (no helmet)
rElec    .         Harm     .   (no cloak)
rCorr    .         Rampage  .   (no gloves)
Will     .....                  (no boots)
Stlth    +.........             (no amulet)
HPRegen  0.17/turn              (no ring)
MPRegen  0.11/turn              (no ring)

@: no status effects
A: no striking features
a: Renounce Religion, Depart the Abyss


You were on level 3 of the Dungeon.
You worshipped Lugonu.
Lugonu was aware of your devotion.
You visited 1 branch of the dungeon, and saw 3 of its levels.
You visited the Abyss 1 time.

You collected 150 gold pieces.

Inventory:

Hand Weapons
 a - a +1 hand axe (weapon)
Missiles
 d - 2 poisoned darts
Armour
 b - a +0 leather armour (worn)
 c - a +0 scale mail
Scrolls
 e - a scroll of enchant weapon {unknown}
 f - a scroll of vulnerability {unknown}
 g - 2 scrolls of enchant armour {unknown}
 h - a scroll of immolation {unknown}
 j - 2 scrolls of identify {unknown}
 k - a scroll of magic mapping {unknown}
 l - a scroll of fog {unknown}
 n - a scroll of teleportation {unknown}
Potions
 i - a potion of heal wounds {unknown}
 m - 2 potions of curing {unknown}
 o - a potion of resistance {unknown}


   Skills:
 + Level 4.7 Fighting
 + Level 4.2 Axes
 + Level 3.5 Armour
 + Level 2.1 Dodging
 + Level 4.0 Invocations


You had 5 spell levels left.
You didn't know any spells.
Your spell library contained the following spells:

 Spells                   Type           Power      Damage    Failure   Level
 Slow                     Hex            0%         N/A       52%         2
 Confusing Touch          Hex            0%         N/A       75%         3
 Vampiric Draining        Necr           0%         2d6       75%         3


Dungeon Overview and Level Annotations

Branches:
Dungeon (3/15)

Altars:

Shops:
D:3 :


Message History

No target in view!
Found a hand axe.
Things that are here:
a +0 dagger; a goblin corpse
Found a fizzy orange potion.
No target in view!
o - a fizzy orange potion No target in view!
No target in view!
No target in view!
There is an open door here.
You see here a +0 dagger.
An ogre comes into view. It is wielding a +0 giant spiked club.
Found 2 scrolls labelled YXAMULLO SAUNG.
The ogre shouts!
An ogre is nearby!
You hit the ogre.
The ogre is lightly wounded.
The ogre hits you with a +0 giant spiked club!!
Ouch! That really hurt!
You slash the ogre!
The ogre is moderately wounded.
The ogre closely misses you.
You slash the ogre!
The ogre is heavily wounded.
The ogre barely misses you.
You hit the ogre.
The ogre is severely wounded.
A dart slug comes into view.
You barely miss the ogre.
The ogre is severely wounded.
The ogre closely misses you.
You hit the ogre.
The ogre is almost dead.
The ogre hits you with a +0 giant spiked club!
* * * LOW HITPOINT WARNING * * *
You barely miss the ogre.
The ogre is almost dead.
The ogre hits you with a +0 giant spiked club!
You die...

##...##
####)####.......#
## ##+# #.#
#####.### #. #.#
#.# #. #.# #.# #.
#.# #.# #. #.#
###.### #. #.#
#.....# #.
####.###.#
#.....###.
......O@.#
#.........
.w..?#####
#.....#### ###
#.....# #######


You could see an ogre and a dart slug.

Vanquished Creatures
  Sigmund (D:3)
  An adder (D:2)
  2 dart slugs (D:1)
  An orc (D:3)
  4 endoplasms
  3 giant cockroaches
  16 goblins
  5 hobgoblins
  8 kobolds
  5 ball pythons
  2 bats
  A frilled lizard (D:1)
  3 rats
52 creatures vanquished.

Notes
Turn   | Place    | Note
-------+----------+-------------------------------------------
     0 | Abyss:1  | Destapler the Hill Orc Abyssal Knight began the quest for
                  | the Orb.
     0 | Abyss:1  | Reached XP level 1. HP: 19/19 MP: 2/2
    15 | Abyss:1  | Noticed a raiju
    15 | Abyss:1  | Noticed a raiju
    15 | Abyss:1  | Noticed a raiju
    17 | D:1      | Escaped the Abyss
    44 | D:1      | You fall into a shaft and drop 1 floor!
   465 | D:2      | Reached skill level 1 in Dodging
   465 | D:2      | Reached XP level 2. HP: 26/27 MP: 3/3
   562 | D:1      | Reached * piety under Lugonu
   855 | D:1      | Reached XP level 3. HP: 33/33 MP: 5/5
   905 | D:1      | Found a faded altar of an unknown god.
  1922 | D:3      | Noticed Sigmund
  1937 | D:3      | Killed Sigmund
  1938 | D:3      | Reached XP level 4. HP: 22/41 MP: 5/7
  1938 | D:3      | Reached XP level 5. HP: 25/47 MP: 5/8
  2480 | D:3      | Reached XP level 6. HP: 53/53 MP: 9/9
  2568 | D:3      | Found Kiedirch's Book Boutique.
  2686 | D:3      | Mangled by an ogre

Illustrated notes

Levels and vault maps discovered:
D:1:      dpeg_arrival_tiny_c, layout_loops_ring,
          dreamdust_ecumenical_altar_angels_and_demons
D:2:      layout_loops_ring, hangedman_decor_push
D:3:      cheibrodos_greedy_goblins, layout_loops_corners, serial_shops, shop,
          uniq_sigmund

Skill      XL: |  1  2  3 |
---------------+----------+-----
Dodging        | 1 2 |  2.1
Axes           | 3 4 |  4.2
Invocations    | 4 |  4.0
Fighting       | 4 |  4.7
Armour         | 3 |  3.5

Action                   |  1- 3 |  4- 6 || total
-------------------------+-------+-------++-------
Melee: Hand axe          |   100 |    44 ||   144
Invok: Depart the Abyss  |     1 |       ||     1
  Use: Potion            |     1 |       ||     1
 Stab: Invisible         |     1 |       ||     1
       Sleeping          |     1 |       ||     1
Armor: Leather armour    |    31 |     9 ||    40
Dodge: Dodged            |    62 |    14 ||    76
